 Dungeon Crawl Stone Soup version 0.25.1-2-g60ff931df9 (webtiles) character file.

Game seed: 74024535951509188

26 RaHiT the Skirmisher (level 2, -2/24 HPs)
             Began as a Demonspawn Chaos Knight on Sept 11, 2020.
             Was a Plaything of Xom.
             Slain by a kobold
             ... wielding a +1 short sword of chaos
              (12 damage)
             ... on level 2 of the Dungeon.
             The game lasted 00:05:24 (1335 turns).

RaHiT the Skirmisher (Demonspawn Chaos Knight)      Turns: 1335, Time: 00:05:24

Health: -2/24      AC:  7    Str: 12    XL:     2   Next: 89%
Magic:  3/3        EV:  6    Int: 13    God:    Xom [...*..]
Gold:   69         SH:  0    Dex: 12    Spells: 2/2 levels left

rFire    . . .     SeeInvis .     - Unarmed
rCold    . . .     Gourm    .   (no shield)
rNeg     . . .     Faith    +   a - +2 leather armour
rPois    .         Spirit   .   (no helmet)
rElec    .         Reflect  .   (no cloak)
rCorr    .         Harm     .   (no gloves)
MR       .....                  (no boots)
Stlth    +.........             c - amulet of faith
HPRegen  0.08/turn              (no ring)
MPRegen  0.08/turn              (no ring)

@: petrifying (expiring), stab, lightly drained, very slow
A: slimy green scales 1, blurry vision 1
a: Renounce Religion


You were on level 2 of the Dungeon.
You worshipped Xom.
You were a favourite toy of Xom.
You were not hungry.

You visited 1 branch of the dungeon, and saw 2 of its levels.

You collected 69 gold pieces.

Inventory:

Missiles
 f - 23 stones (quivered)
 g - 10 bolts
Armour
 a - a +2 leather armour (worn)
Jewellery
 c - an amulet of faith (around neck)
Wands
 d - a wand of acid (9)
Scrolls
 i - a scroll of amnesia
 j - a scroll of teleportation
 k - a scroll of magic mapping {unknown}
 m - a scroll of remove curse {unknown}
Comestibles
 b - 4 rations


   Skills:
 - Level 3.0(2.7) Fighting
 + Level 0.8(0.6) Throwing
 + Level 2.1(1.9) Armour
 + Level 1.3(1.1) Dodging
 + Level 2.9(2.7) Unarmed Combat
 + Level 0.8(0.6) Spellcasting


You had 2 spell levels left.
You didn't know any spells.
Your spell library was empty.

Dungeon Overview and Level Annotations

Branches:
Dungeon (2/15)

Altars:


Innate Abilities, Weirdness & Mutations

You are partially covered in slimy green scales. (AC +2)
Scrolls take you a little longer to read.


Message History

You barely miss the kobold.
You feel sick. The kobold closely misses you.
You closely miss the kobold.
You feel sick. The kobold hits you but does no damage.
You closely miss the kobold.
The kobold hits you with a +1 short sword of chaos.
* * * LOW HITPOINT WARNING * * *
You are slowing down.
It was a potion of stabbing.
You feel ready to backstab. The kobold completely misses you.
The kobold hits you with a +1 short sword of chaos.
* * * LOW HITPOINT WARNING * * *
The kobold freezes you.
* * * LOW HITPOINT WARNING * * *
Your limbs are stiffening.
It was a potion of curing.
You feel better.
The kobold hits you with a +1 short sword of chaos.
You are electrocuted!!
Ouch! That really hurt!
You die...

# #.....##.##)#
.##.###....##.# ...
#..####.# ###.###.##
#.# #.....# #.#
####...#### #.#
#....b....# #.#
#...b.b..K# #.#
#....b...@# #.#
##.#..b.### #.#
#.#....# #.# # #....#
#.# ##.#.# #.# #.#.#
#.#######... #)#.#
#..........
#.#.######..........
#.#....รทรท....(......


You could see a kobold.

Vanquished Creatures
  A dart slug (D:2)
  A leopard gecko (D:2)
  3 hobgoblins
  8 bats
  2 frilled lizards (D:1)
  8 kobolds
  2 rats (D:1)
25 creatures vanquished.

Notes
Turn   | Place    | Note
-------+----------+-------------------------------------------
     0 | D:1      | RaHiT the Demonspawn Chaos Knight began the quest for the
                  | Orb.
     0 | D:1      | Reached XP level 1. HP: 18/18 MP: 1/1
    18 | D:1      | You fall into a shaft and drop 1 floor!
    34 | D:2      | Reached skill level 1 in Dodging
   119 | D:1      | XOM: silly message
   149 | D:1      | XOM: silly message
   275 | D:1      | Gained mutation: You are partially covered in slimy green
                  | scales. (AC +2) [demonic ancestry]
   275 | D:1      | Reached XP level 2. HP: 23/24 MP: 2/2
   431 | D:1      | XOM: summons 2 hostile demons
   458 | D:1      | XOM: give mutation
   458 | D:1      | Gained mutation: Scrolls take you a little longer to read.
                  | [Xom's mischief]
  1060 | D:2      | XOM: chaos upgrade
  1328 | D:2      | XOM: butterfly on damage
  1335 | D:2      | Slain by a kobold

Illustrated notes

Levels and vault maps discovered:
D:1:      dpeg_arrival_pits, layout_basic, serial_park_tiny_2
D:2:      layout_loops_ring, grunt_temple_overflow_diamond,
          dancing_weapons_uskayaw, first_ration, nicolae_gozag_seed_capital

Skill      XL: |  1  2 |
---------------+-------+-----
Dodging        | 1 |  1.3
Armour         | 2 |  2.1
Fighting       | |  3.0
Throwing       | |  0.8
Unarmed Combat | |  2.9
Spellcasting   | |  0.8

Action                   || total
-------------------------++-------
Melee: Unarmed           ||   117
  Use: Scroll            ||     3
       Potion            ||     2
  Eat: Chunk             ||     1
Armor: Leather armour    ||    61
Dodge: Dodged            ||    85
